Map: Galactic Process LE

Players

Amix

  • Race: Zerg Zerg
  • League: Platinum
  • Spawn Location: 1:00

SmeiksLab - Winner!

  • Race: Protoss Protoss
  • League: Platinum
  • Spawn Location: 7:00

VOD

Have the link to the VOD?

Description

Time

  • Played on: Nov. 12, 2016, 4:39 a.m.
  • Length: 12:28
Show
View Real Time Build Order
Export as new Build Order

Amix Zerg 

Build Orders: Hatch First 

Get SALT Encoding   

  12  0:01  Drone  
  13  0:12  Overlord  
  13  0:17  Drone  
  14  0:25  Drone, Extractor  
  15  0:31  Drone  
  15  0:34  Drone  
  17  1:00  Drone  
  17  1:02  Drone  
  19  1:05  Hatchery, Extractor  
  17  1:27  Spawning Pool  
  17  1:28  Drone  
  17  1:52  Hatchery  
  16  1:58  Drone x2  
  18  2:02  Drone  
  19  2:10  Drone  
  20  2:16  Queen  
  22  2:33  Metabolic Boost  
  22  2:36  Zergling x6  
  25  2:44  Queen  
  27  2:54  Drone  
  27  2:55  Overlord  
  28  3:08  Roach Warren  
  28  3:11  Extractor  
  26  3:17  Queen  
  28  3:21  Drone  
  29  3:41  Zergling x6  
  29  3:44  Spine Crawler  
  31  3:50  Drone x2  
  32  4:11  Drone x5  
  37  4:19  Drone x2  
  37  4:43  Drone  
  37  4:44  Drone x7  
  42  4:57  Overlord x2  
  42  5:15  Roach x5  
  42  5:16  Roach x2  
  56  5:21  Lair  
  56  5:29  Drone, Evolution Chamber x2  
  56  5:30  Drone  
  56  5:33  Pneumatized Carapace  
  56  5:42  Drone x2  
  58  5:44  Overlord  
  58  5:45  Overlord  
  58  5:57  Zerg Ground Armor Level 1, Zerg Missile Weapons Level 1  
  58  6:01  Overlord x2  
  58  6:08  Drone x2  
  58  6:09  Drone x3  
  63  6:13  Extractor  
  63  6:14  Extractor  
  63  6:16  Extractor  
  63  6:17  Extractor  
  63  6:18  Roach x2  
  63  6:28  Hydralisk Den  
  62  6:34  Overlord x3  
  62  6:41  Spire  
  62  6:45  Drone  
  62  6:46  Zergling x6  
  65  6:59  Hydralisk x2, Queen  
  65  7:00  Hydralisk  
  73  7:03  Drone  
  73  7:04  Drone  
  75  7:17  Glial Reconstitution  
  75  7:23  Spore Crawler  
  75  7:24  Hydralisk x3  
  75  7:25  Spore Crawler  
  75  7:26  Zergling x2  
  75  7:28  Drone  
  81  7:42  Hydralisk x4  
  87  8:12  Drone x4  
  91  8:13  Drone x6  
  91  8:14  Spore Crawler  
  96  8:21  Zerg Missile Weapons Level 2  
  96  8:39  Hydralisk x4  
  105  8:41  Drone  
  105  8:42  Overlord  
  105  8:43  Overlord  
  105  8:51  Overseer x4  
  105  8:53  Drone, Overlord  
  106  9:05  Drone x6  
  106  9:06  Drone x2  
  114  9:29  Drone x4  
  114  9:30  Spine Crawler  
  114  9:31  Spine Crawler x2  
  116  9:33  Muscular Augments  
  116  9:37  Zerg Ground Armor Level 2  
  115  10:02  Hatchery  
  114  10:16  Mutalisk  
  114  10:17  Mutalisk x4  
  114  10:18  Zergling x12  
  106  11:05  Corruptor x3  
  106  11:06  Hydralisk x5  
  106  11:07  Hydralisk x6  
  106  11:08  Roach  
  112  11:23  Hydralisk x3  
  118  11:40  Roach x5  
  118  11:41  Roach x3  
  98  11:56  Roach x9  
  90  12:10  Zergling x6  
  90  12:11  Zergling x2  
Show
View Real Time Build Order
Export as new Build Order

SmeiksLab Protoss - Winner!

Build Orders:  

Get SALT Encoding   

  12  0:01  Probe (Chrono Boost)  
  13  0:11  Probe (Chrono Boost)  
  14  0:17  Pylon  
  14  0:22  Probe (Chrono Boost)  
  16  0:35  Probe (Chrono Boost)  
  16  0:39  Gateway  
  16  0:46  Probe (Chrono Boost)  
  16  0:49  Assimilator  
  17  0:56  Probe (Chrono Boost)  
  18  1:07  Probe (Chrono Boost)  
  19  1:11  Pylon  
  19  1:18  Probe (Chrono Boost)  
  19  1:27  Cybernetics Core  
  19  1:31  Gateway  
  20  1:32  Probe (Chrono Boost)  
  20  1:43  Probe (Chrono Boost)  
  21  1:47  Assimilator  
  22  1:54  Probe (Chrono Boost)  
  22  2:05  Probe (Chrono Boost)  
  23  2:15  Probe (Chrono Boost)  
  24  2:20  Nexus  
  24  2:29  Probe (Chrono Boost)  
  25  2:35  Warp Gate  
  25  2:36  Adept  
  27  2:39  Adept  
  29  2:50  Gateway  
  29  2:57  Pylon  
  29  3:03  Mothership Core (Chrono Boost)  
  31  3:15  Adept  
  31  3:16  Adept  
  35  3:21  Probe (Chrono Boost)  
  36  3:35  Probe x2 (Chrono Boost)  
  36  3:41  Pylon  
  38  3:43  Pylon  
  38  3:45  Probe (Chrono Boost)  
  39  4:06  Probe (Chrono Boost)  
  39  4:07  Probe (Chrono Boost)  
  37  4:10  Adept x3  
  43  4:17  Probe x2 (Chrono Boost)  
  43  4:21  Robotics Facility  
  45  4:24  Forge  
  45  4:28  Probe (Chrono Boost)  
  45  4:29  Probe (Chrono Boost)  
  45  4:51  Probe (Chrono Boost)  
  45  4:52  Probe (Chrono Boost)  
  47  4:56  Assimilator  
  47  5:02  Probe x2 (Chrono Boost)  
  47  5:06  Protoss Ground Weapons Level 1  
  49  5:09  Observer  
  49  5:12  Stalker x2  
  54  5:17  Probe x2 (Chrono Boost)  
  54  5:21  Gateway  
  56  5:24  Gateway  
  56  5:27  Probe (Chrono Boost)  
  57  5:30  Warp Prism  
  59  5:41  Stalker x2  
  63  5:43  Sentry  
  63  5:45  Pylon  
  63  5:46  Probe x2 (Chrono Boost)  
  67  5:56  Probe x2 (Chrono Boost)  
  69  6:00  Pylon  
  69  6:05  Pylon  
  69  6:06  Pylon  
  69  6:09  Immortal  
  73  6:13  Stalker  
  75  6:20  Stalker  
  75  6:21  Stalker  
  79  6:47  Stalker x3  
  79  6:48  Stalker x2  
  89  6:58  Robotics Facility  
  89  7:02  Nexus  
  89  7:16  Zealot x3  
  89  7:17  Zealot  
  97  7:23  Pylon  
  97  7:27  Pylon  
  97  7:29  Immortal  
  101  7:34  Assimilator  
  101  7:48  Zealot x2  
  101  7:49  Zealot  
  103  8:02  Stalker  
  103  8:03  Adept  
  103  8:04  Probe (Chrono Boost)  
  103  8:05  Probe (Chrono Boost)  
  99  8:08  Protoss Ground Armor Level 1 (Chrono Boost)  
  99  8:16  Probe  
  99  8:17  Pylon  
  99  8:19  Pylon  
  100  8:20  Probe  
  100  8:24  Gateway, Probe  
  102  8:27  Pylon  
  102  8:28  Probe  
  102  8:30  Pylon  
  102  8:31  Gateway  
  103  8:40  Pylon  
  103  8:53  Stalker  
  103  8:54  Stalker x3  
  103  8:55  Stalker  
  113  8:56  Probe x2  
  113  8:57  Probe  
  116  9:04  Immortal  
  116  9:06  Probe  
  116  9:07  Observer  
  121  9:17  Probe  
  121  9:19  Probe  
  121  9:23  Adept x4  
  121  9:24  Adept  
  133  9:40  Pylon  
  133  9:43  Pylon  
  133  9:44  Immortal  
  133  9:45  Immortal  
  141  9:47  Pylon  
  141  9:55  Stalker x3  
  147  10:26  Stalker x4  
  147  10:27  Adept x2  
  123  11:05  Stalker x6  
  123  11:23  Immortal x2  
  131  11:31  Stalker x5  
  131  11:32  Stalker x2  
  116  12:06  Stalker x3  
  116  12:07  Stalker x4  
  130  12:15  Nexus  
Tags
 
Add a new tag
Caveats
  • Supply blocks, unpowered buildings, or Contaminate may cause inaccurate times.
  • Supply counts are checked every 10 seconds.